 Dungeon Crawl Stone Soup version 0.29-a0-453-gf113fcf677 (webtiles) character file.

Game seed: 14829816172708288002

177066 Kenran the Warrior (level 17, 0/216 HPs)
             Began as a Vampire Berserker on May 20, 2022.
             Was a High Priest of Trog.
             Succumbed to a redback's poison
             ... on level 2 of the Lair of Beasts.
             The game lasted 01:16:53 (28076 turns).

Kenran the Warrior (Vampire Berserker)             Turns: 28076, Time: 01:16:53

Health: 0/216      AC: 26    Str: 20    XL:     17   Next: 53%
Magic:  17/17      EV:  5    Int: 10    God:    Trog [*****.]
Gold:   475        SH: 29    Dex: 21    Spells: 16/16 levels left

rFire   + . .      SeeInvis +   a - +4 demon trident (venom)
rCold   . . .      Faith    +   T - +18 shield of the Gong {rElec rN+ Will+ EV-5}
rNeg    + . .      Spirit   .   z - +2 chain mail {rF+}
rPois   +          Reflect  .   S - +1 helmet of the Sacrificial Victim {rElec Regen+ Str-4}
rElec   +          Harm     .   D - +2 cloak {Will+}
rCorr   +          Rampage  .   C - +2 pair of gloves
Will    +++..                   t - +0 pair of boots
Stlth   ..........              x - amulet of faith {!P}
HPRegen 1.46/turn               p - ring of poison resistance
MPRegen 0.15/turn               e - ring "Evin" {rElec rCorr Str+4 Dex+4 SInv}

@: berserking, lethally poisoned (0 -> -12), spiked, healing quickly, very quick
A: alive, fangs 3, see invisible, vampiric 2
a: Exsanguinate, Renounce Religion, Berserk, Trog's Hand, Brothers in Arms


You were on level 2 of the Lair of Beasts.
You worshipped Trog.
Trog was extremely pleased with you.
You visited 4 branches of the dungeon, and saw 24 of its levels.
You also visited: Ice Cave.

You collected 2436 gold pieces.
You spent 1961 gold pieces at shops.

Inventory:

Hand Weapons
 a - a +4 demon trident of venom (weapon)
Missiles
 I - 2 throwing nets (quivered)
Armour
 h - a +0 kite shield
 t - a +0 pair of boots (worn)
 z - a +2 chain mail of fire resistance (worn)
 C - a +2 pair of gloves (worn)
 D - a +2 cloak of willpower (worn)
 S - the +1 helmet of the Sacrificial Victim (worn) {rElec Regen+ Str-4}
   (You bought it in a shop on level 11 of the Dungeon)

   Str:       It affects your strength (-4).
   rElec:     It insulates you from electricity.
   Regen:     It increases your rate of health regeneration.
 T - the +18 shield of the Gong (worn) {rElec rN+ Will+ EV-5}
   (You acquired it on level 13 of the Dungeon)

   It is deafeningly noisy when blocking attacks.
   EV:        It affects your evasion (-5).
   rElec:     It insulates you from electricity.
   rN:        It protects you from negative energy.
   Will:      It increases your willpower.
Jewellery
 e - the ring "Evin" (right hand) {rElec rCorr Str+4 Dex+4 SInv}
   (You acquired it on level 2 of the Orcish Mines)

   [ring of resist corrosion]

   Str:       It affects your strength (+4).
   Dex:       It affects your dexterity (+4).
   rElec:     It insulates you from electricity.
   SInv:      It lets you see invisible.
   rCorr:     It protects you from acid and corrosion.
 k - a ring of positive energy
 o - an amulet of the acrobat
 p - a ring of poison resistance (left hand)
 x - an amulet of faith (around neck) {!P}
 L - a ring of ice
 U - a +4 ring of slaying
 X - a ring of willpower
Wands
 l - a wand of mindburst (53)
 w - a wand of iceblast (36)
 E - a wand of flame (10)
 G - a wand of paralysis (10)
 H - a wand of polymorph (2)
Scrolls
 d - 6 scrolls of magic mapping
 f - 7 scrolls of teleportation
 m - 2 scrolls of fog
 q - 5 scrolls of immolation {!r}
 s - a scroll of brand weapon
 y - 3 scrolls of enchant armour
 F - a scroll of silence
 J - a scroll of poison
 N - a scroll of summoning
 P - 3 scrolls of blinking
Potions
 b - a potion of resistance
 c - 4 potions of invisibility
 g - 13 potions of curing {@q1}
 i - 4 potions of heal wounds {@q2}
 j - 4 potions of lignification {!q}
 n - a potion of attraction {unknown}
 r - a potion of magic
 v - 8 potions of might
 A - 4 potions of haste
 B - 2 potions of ambrosia
 K - 2 potions of mutation {!q}
 M - a potion of flight
 O - a potion of brilliance {unknown}
 Q - a potion of cancellation
Miscellaneous
 u - a box of beasts
 R - a phantom mirror


   Skills:
 + Level 16.0 Fighting
 - Level 14.2 Polearms
 - Level 14.0 Armour
 + Level 6.1 Dodging
 - Level 6.0 Shields
 + Level 10.0 Evocations


You had 16 spell levels left.
You didn't know any spells.
Your spell library was empty.

Dungeon Overview and Level Annotations

Branches:
Dungeon (15/15)            Temple (0/1) D:5            Lair (6/6) D:8
 Shoals (0/4) Lair:3       Spider (1/4) Lair:2        Slime (0/5) Lair:6
    Orc (2/2) D:10            Elf (0/3) Orc:2        Vaults (0/5) D:14
 Depths (0/4) D:15          IceCv (visited)

Altars:
Ashenzari
Cheibriados
Dithmenos
Hepliaklqana
Kikubaaqudgha
Makhleb
Qazlal
Ru
Trog
Vehumet
Wu Jian
Xom
Yredelemnul
Zin
The Shining One
Beogh
Jiyva

Shops:
D:5 :   D:6 [=*!   D:11 =[   D:13 [   D:14 (   Orc:2 *(*?[

Portals:
Bazaar: D:11

Annotations:
D:14 2 transporters, Boig's ghost, journeyman GrFi
Lair:2 exclusion: oklob plant
Lair:6 exclusion: oklob plant


Innate Abilities, Weirdness & Mutations

Your natural rate of healing is accelerated.
You have razor-sharp teeth.
You have supernaturally acute eyesight. (SInv)
You are afflicted with vampirism and can become a bat while bloodless.


Message History

You block the wolf spider's attack.
GONNNNG!
The jumping spider pounces on you but does no damage.
The jumping spider bites you but does no damage.
You block the redback's attack.
GONNNNG!
The wolf spider hits you but does no damage.
You block the wolf spider's attack.
BOUMMMMG!
You puncture the wolf spider!
You kill the wolf spider!
Trog accepts your kill.
You feel sick. You block the jumping spider's attack.
GONNNNG!
You block the jumping spider's attack.
GONNNNG!
The demonic crawler barely misses you. The demonic crawler hits you!
* * * LOW HITPOINT WARNING * * *
You block the demonic crawler's attack.
PANG!
Your troll barely misses the demonic crawler.
Your troll claws the demonic crawler.
Your troll claws the demonic crawler but does no damage.
You completely miss the wolf spider.
* * * LOW HITPOINT WARNING * * *
You feel very sick. You block the jumping spider's attack.
GONNNNG!
You block the jumping spider's attack.
GONNNNG!
The wolf spider hits you.
* * * LOW HITPOINT WARNING * * *
The wolf spider bites you!
* * * LOW HITPOINT WARNING * * *
The redback bites you but does no damage.
You are too berserk!
You are too berserk!
You hit the demonic crawler. Your bite misses the demonic crawler.
The demonic crawler is heavily wounded.
You die...

#............# ##..###.....
#.......P....# #.....#..#.+
#.......P...##### ####........
#..P........###.########..#####
##.......P....###.#^#.###..#
##............###^###^#.##..##
.........#....##^#####.#.#...#
.........#..>.≈sss#.#.#.....#####
...........#+.≈.@.T#.#...........
..............≈.ss###^#..........
..............##.#######.##......
...##..P#####.###.#^#^#.###......
...###### #..####^#.#.###'......
##..# ##..############...... #..#
#.#.### #.#...... #.## ##.....##
#.#...... #.# #.......# #.#......


You could see a demonic crawler (ally target), a wolf spider, 2 jumping spiders,
a redback and a friendly troll (summoned, berserk).

Vanquished Creatures
  Rupert (D:14)
  A sphinx (D:12)
  A storm dragon (D:12)
  A quicksilver ooze (shapeshifter) (D:15)
  A stone giant (D:13)
  A very ugly thing (D:13)
  An ettin (D:12)
  Fannar (D:11)
  Harold (D:11)
  2 fire dragons (D:15)
  Erolcha (D:11)
  A rakshasa (D:12)
  7 boulder beetles
  14 hydras
  An ogre mage (D:14)
  5 centaur warriors
  2 catoblepae
  7 two-headed ogres
  Erica (D:11)
  A tengu warrior (D:13)
  10 death yaks
  4 orc high priests
  A shock serpent (shapeshifter) (D:12)
  Urug (Lair:3)
  Nergalle (Lair:3)
  A goliath frog (Lair:6)
  A sea snake (shapeshifter) (D:9)
  A harpy (shapeshifter) (D:12)
  A phantasmal warrior (D:13)
  6 deep elf pyromancers
  3 deep elf zephyrmancers (D:15)
  10 orc knights
  3 wizards
  A wolf spider (Lair:2)
  Pikel (D:6)
  A necromancer (D:12)
  3 orc sorcerers
  8 cyclopes
  A cyclops (shapeshifter) (D:14)
  7 ugly things
  Maurice (D:8)
  14 elephants
  7 manticores
  5 black mambas
  2 centaur zombies (D:11)
  2 torpor snails
  Joseph (D:8)
  3 gargoyles
  A rime drake (shapeshifter) (D:15)
  An unseen horror (D:11)
  Psyche (D:8)
  14 cane toads
  An efreet (D:9)
  6 komodo dragons
  An anaconda simulacrum (IceCv)
  3 kobold demonologists
  A yaktaur (shapeshifter) (D:13)
  3 rime drakes (Lair:6)
  A yaktaur (D:12)
  An ice devil (IceCv)
  An entropy weaver simulacrum (IceCv)
  A merfolk (D:10)
  11 trolls
  2 tarantellas
  3 tyrant leeches (Lair:6)
  6 polar bears
  16 blink frogs
  Prince Ribbit (D:7)
  15 slime creatures
  3 dream sheep
  Sigmund (D:6)
  2 culicivoras
  A centaur simulacrum (D:14)
  3 jumping spiders (Lair:2)
  3 wyverns
  6 wraiths
  3 shadows
  A vampire (D:12)
  5 basilisks
  78 yaks
  Grum (D:8)
  A redback simulacrum (D:15)
  A steam dragon (D:9)
  5 wargs
  2 death yak simulacra (IceCv)
  3 redbacks
  4 acid dragons
  11 vampire mosquitoes
  21 water moccasins
  37 orc warriors
  4 sky beasts
  4 black bears
  2 ice beasts
  3 boggarts (D:15)
  8 centaurs
  23 wolves
  3 ogres
  3 phantoms
  A kobold brigand (D:9)
  21 bullfrogs
  A gnoll sergeant (D:9)
  5 cane toad simulacra (IceCv)
  4 scorpions
  5 wights
  2 troll zombies (D:10)
  14 killer bees (D:9)
  A vampire bat (Orc:2)
  An elephant simulacrum (IceCv)
  An electric eel (Lair:6)
  10 howler monkeys
  A crimson imp (D:12)
  2 hounds (D:5)
  5 jellies
  37 orc priests
  5 iguanas
  23 orc wizards
  A spriggan simulacrum (IceCv)
  A troll simulacrum (IceCv)
  A polar bear simulacrum (IceCv)
  4 ogre zombies (D:10)
  7 gnolls
  A naga simulacrum (IceCv)
  11 adders
  14 white imps
  4 ufetubi
  A worm (D:2)
  2 dart slugs
  98 orcs
  8 ball pythons
  10 endoplasms
  4 giant cockroaches
  3 goblins
  7 hobgoblins
  6 jackals
  5 kobolds
  11 bats
  4 frilled lizards
  3 goblin zombies (D:10)
  3 hobgoblin skeletons (D:10)
  A hobgoblin zombie (D:10)
  2 orc skeletons (D:10)
  10 orc zombies (D:10)
  7 rats
851 creatures vanquished.

Vanquished Creatures (collateral kills)
  Roxanne (D:15)
  An orc high priest (Orc:2)
  A steelbarb worm (Lair:2)
  4 orc knights (Orc:2)
  7 orc warriors (Orc:2)
  4 orc priests (Orc:2)
  2 orcs (Orc:2)
20 creatures vanquished.

Vanquished Creatures (others)
  3 bushes
  57 fungi
  111 plants
  4 toadstools (D:3)
175 creatures vanquished.

Grand Total: 1046 creatures vanquished

Notes
Turn   | Place    | Note
-------+----------+-------------------------------------------
     0 | D:1      | Kenran the Vampire Berserker began the quest for the Orb.
     0 | D:1      | Reached XP level 1. HP: 17/17 MP: 1/1
    72 | D:1      | Reached skill level 3 in Fighting
    73 | D:1      | Reached XP level 2. HP: 13/24 MP: 2/2
   350 | D:1      | Reached ** piety under Trog
   682 | D:2      | Gained mutation: You are afflicted with vampirism and can
                  | become a bat while bloodless. [Vampire growth]
   682 | D:2      | Reached XP level 3. HP: 28/29 MP: 3/3
  1439 | D:3      | Found a basalt altar of Yredelemnul.
  1439 | D:3      | Found a stormy altar of Qazlal.
  1439 | D:3      | Found a bloodstained altar of Trog.
  1485 | D:3      | Reached XP level 4. HP: 35/35 MP: 4/4
  1935 | D:3      | Identified the +1 helmet "Muxud" {Str+4 Int-2}
  2171 | D:3      | Found an ancient bone altar of Kikubaaqudgha.
  2173 | D:3      | Found a burning altar of Makhleb.
  2176 | D:3      | Found a snail-covered altar of Cheibriados.
  2184 | D:3      | Found a sacrificial altar of Ru.
  2187 | D:3      | Found an ornate altar of the Wu Jian Council.
  2360 | D:4      | Reached skill level 5 in Polearms
  2360 | D:4      | Reached XP level 5. HP: 41/41 MP: 5/5
  2751 | D:4      | Reached XP level 6. HP: 47/47 MP: 6/6
  3491 | D:5      | Entered Level 5 of the Dungeon
  3509 | D:4      | Reached XP level 7. HP: 52/52 MP: 7/7
  3593 | D:5      | Found a staircase to the Ecumenical Temple.
  3652 | D:5      | Reached *** piety under Trog
  3739 | D:5      | Noticed a yak
  3762 | D:5      | Killed a yak
  3769 | D:5      | Reached skill level 4 in Fighting
  3817 | D:5      | Noticed an angel
  3822 | D:5      | Found a shimmering altar of Xom.
  4012 | D:5      | Reached XP level 8. HP: 60/60 MP: 8/8
  4262 | D:5      | Found Ibor's Book Shop.
  4512 | D:6      | Noticed Sigmund
  4514 | D:6      | Noticed Pikel
  4537 | D:6      | Killed Pikel
  4538 | D:6      | Reached skill level 5 in Fighting
  4543 | D:6      | Killed Sigmund
  4719 | D:6      | Reached XP level 9. HP: 68/68 MP: 9/9
  4915 | D:6      | Found Senat's Distillery.
  5026 | D:6      | Found a hazy altar of Hepliaklqana.
  5074 | D:6      | Reached skill level 10 in Polearms
  5157 | D:6      | Found Apsod's Jewellery Shoppe.
  5262 | D:6      | Found Kosch's General Store.
  5272 | D:6      | Bought a scroll of identify for 22 gold pieces
  5278 | D:6      | Reached skill level 6 in Fighting
  5318 | D:6      | Reached **** piety under Trog
  5460 | D:6      | Found Kegonaot's Antique Armour Boutique.
  5470 | D:6      | Bought a shiny chain mail for 180 gold pieces
  6100 | D:7      | Noticed Prince Ribbit
  6114 | D:7      | Killed Prince Ribbit
  6222 | D:7      | Found a radiant altar of Vehumet.
  6253 | D:7      | Found a broken altar of Ashenzari.
  6258 | D:7      | Identified the ring "Voqiced" {*Slow rElec rPois SInv}
  6395 | D:8      | Reached XP level 10. HP: 77/77 MP: 10/10
  6550 | D:8      | Noticed Maurice
  6573 | D:8      | Killed Maurice
  6678 | D:8      | Noticed Psyche
  6693 | D:8      | Killed Psyche
  6820 | D:8      | Noticed Joseph
  6836 | D:8      | Killed Joseph
  6837 | D:8      | Reached skill level 7 in Fighting
  7162 | D:8      | Found a staircase to the Lair.
  7204 | D:8      | Reached skill level 5 in Armour
  7370 | D:8      | Noticed Grum
  7381 | D:8      | Killed Grum
  7814 | D:9      | Reached XP level 11. HP: 85/85 MP: 11/11
  7836 | D:9      | Noticed a two-headed ogre
  7851 | D:8      | Killed a two-headed ogre
  8039 | D:9      | Reached skill level 8 in Fighting
  8107 | D:9      | Noticed a two-headed ogre
  8115 | D:9      | Killed a two-headed ogre
  8134 | D:9      | Noticed a two-headed ogre
  8140 | D:9      | Found a shadowy altar of Dithmenos.
  8219 | D:8      | Killed a two-headed ogre
  8451 | D:9      | Noticed a boulder beetle
  8577 | Lair:1   | Entered Level 1 of the Lair of Beasts
  8580 | Lair:1   | Noticed a six-headed hydra
  8589 | Lair:1   | Killed a six-headed hydra
  8646 | Lair:1   | Reached skill level 1 in Evocations
  9618 | Lair:1   | Reached XP level 12. HP: 70/94 MP: 12/12
  9758 | Lair:1   | Reached skill level 5 in Evocations
  9788 | Lair:1   | Reached skill level 9 in Fighting
 10082 | Lair:1   | Found the +8 whip "Snakebite" {venom, curare, rPois}
 10944 | Lair:1   | Reached ***** piety under Trog
 11170 | Lair:2   | Noticed a catoblepas
 11189 | Lair:2   | HP: 1/97 [catoblepas (24)]
 11489 | Lair:2   | Killed a catoblepas
 11906 | Lair:2   | Found a hole to the Spider Nest.
 12413 | Lair:3   | Noticed Urug
 12436 | Lair:3   | Killed Urug
 12467 | Lair:2   | Reached skill level 10 in Fighting
 12730 | Lair:3   | Noticed a seven-headed hydra
 12859 | Lair:3   | Killed a seven-headed hydra
 12877 | Lair:3   | Reached XP level 13. HP: 45/103 MP: 13/13
 12942 | Lair:3   | Found a frozen archway.
 13128 | IceCv    | Entered an ice cave
 13998 | Lair:3   | Noticed Nergalle
 14007 | Lair:3   | Killed Nergalle
 14168 | Lair:3   | Found a staircase to the Shoals.
 14755 | Lair:4   | Reached skill level 11 in Fighting
 16581 | Lair:6   | Entered Level 6 of the Lair of Beasts
 16671 | Lair:5   | Reached skill level 12 in Fighting
 16896 | Lair:5   | Reached XP level 14. HP: 115/115 MP: 14/14
 16958 | Lair:6   | Reached skill level 10 in Armour
 17165 | Lair:6   | Received a gift from Trog
 17264 | Lair:6   | Reached skill level 5 in Dodging
 17805 | Lair:6   | Reached skill level 5 in Shields
 17993 | Lair:6   | Found a viscous altar of Jiyva.
 17993 | Lair:6   | Found a staircase to the Slime Pits.
 18173 | Lair:6   | Received a gift from Trog
 18221 | Lair:6   | Identified the +1 leather armour of Hepliaklqana {Rampage
                  | Regen+ rCorr}
 18232 | Lair:6   | Identified the ring of Revur {Int+3 SInv}
 19048 | D:9      | Identified the +2 plate armour of Fortitude {Harm Dex+3}
 19059 | D:9      | Reached skill level 13 in Fighting
 19845 | D:10     | Entered Level 10 of the Dungeon
 19966 | D:10     | Found a staircase to the Orcish Mines.
 20768 | Orc:1    | Entered Level 1 of the Orcish Mines
 20891 | Orc:1    | Received a gift from Trog
 20911 | Orc:1    | Reached ****** piety under Trog
 21190 | Orc:2    | Entered Level 2 of the Orcish Mines
 21213 | Orc:2    | Found a staircase to the Elven Halls.
 21237 | Orc:2    | Reached skill level 14 in Fighting
 21559 | Orc:2    | Received a gift from Trog
 21679 | Orc:2    | Reached XP level 15. HP: 112/126 MP: 15/15
 22097 | Orc:2    | Found Onoull's Assorted Antiques.
 22131 | Orc:2    | Bought a scroll of identify for 66 gold pieces
 22790 | Orc:2    | Found Puewipn's General Store.
 22793 | Orc:2    | Found Siniduvy's Magic Scroll Shoppe.
 22794 | Orc:2    | Found Egiab's Weapon Emporium.
 22795 | Orc:2    | Found Osyts's Armour Emporium.
 22799 | Orc:2    | Bought a scroll of enchant armour for 127 gold pieces
 22799 | Orc:2    | Bought a scroll of identify for 34 gold pieces
 22799 | Orc:2    | Bought a scroll of acquirement for 884 gold pieces
 22802 | Orc:2    | Bought a potion of heal wounds for 60 gold pieces
 22810 | Orc:2    | Bought a +2 pair of gloves for 198 gold pieces
 22822 | Orc:2    | Acquired the ring "Evin" {rElec rCorr Str+4 Dex+4 SInv}
 23480 | D:11     | Identified the +6 scale mail "Teavvej" {Harm Regen+ Str-2}
 23493 | D:11     | Noticed Erica
 23500 | D:11     | Killed Erica
 23524 | D:11     | Noticed Harold
 23536 | D:11     | Killed Harold
 23716 | D:11     | Found Hulloj's Jewellery Shop.
 23830 | D:11     | Received a gift from Trog
 23842 | D:11     | Found a gateway to a bazaar.
 23863 | D:11     | Noticed Erolcha
 23867 | D:11     | Killed Erolcha
 23905 | D:11     | Found Taoxieme's Antique Armour Boutique.
 23905 | D:11     | Noticed Fannar
 23919 | D:11     | Killed Fannar
 23948 | D:11     | Bought an encrusted helmet for 218 gold pieces
 23948 | D:11     | Identified the +1 helmet of the Sacrificial Victim {rElec
                  | Regen+ Str-4} (You bought it in a shop on level 11 of the
                  | Dungeon)
 23948 | D:11     | Bought a pair of glowing gloves for 172 gold pieces
 24242 | D:12     | Noticed a storm dragon
 24266 | D:12     | Killed a storm dragon
 24385 | D:12     | Identified the +7 hand axe of the Freezing Viper {chaos,
                  | Dex+3}
 24393 | D:12     | Reached skill level 15 in Fighting
 24501 | D:12     | Reached skill level 10 in Evocations
 24503 | D:12     | Noticed a sphinx
 24515 | D:12     | Killed a sphinx
 24645 | D:12     | You fall into a shaft and drop 3 floors!
 24645 | D:15     | Entered Level 15 of the Dungeon
 24678 | D:15     | Found an ancient bone altar of Kikubaaqudgha.
 24685 | D:14     | Found a transporter.
 24687 | D:14     | Noticed Boig's ghost (journeyman GrFi)
 24795 | D:14     | Found a gate to the Vaults.
 25106 | D:13     | Found Borhynoiwn's Antique Armour Emporium.
 25146 | D:12     | Received a gift from Trog
 25154 | D:12     | Reached XP level 16. HP: 138/138 MP: 16/16
 25230 | D:12     | Reached skill level 16 in Fighting
 26055 | D:13     | Reached XP level 17. HP: 144/144 MP: 17/17
 26192 | D:13     | Acquired the +18 shield of the Gong {rElec rN+ Will+ EV-5}
 26192 | D:13     | Found the +18 shield of the Gong {rElec rN+ Will+ EV-5}
 26342 | D:14     | Noticed Rupert
 26359 | D:14     | Killed Rupert
 26418 | D:14     | Found Tutos's Antique Weapon Emporium.
 26517 | D:14     | Found a transporter.
 26556 | D:14     | Found a stormy altar of Qazlal.
 26721 | D:15     | Received a gift from Trog
 26964 | D:15     | Identified the +3 scale mail of the Haunted God {Str+3
                  | Dex+3}
 27010 | D:15     | Noticed Roxanne
 27022 | D:15     | Killed Roxanne
 27357 | D:15     | Found the +12 glaive of Prune {vorpal}
 27485 | D:15     | Found a staircase to the Depths.
 28017 | Spider:1 | Entered Level 1 of the Spider Nest
 28075 | Lair:2   | HP: 3/216 [wolf spider (9)]
 28076 | Lair:2   | Succumbed to a redback's poison

Illustrated notes

Levels and vault maps discovered:
D:1:      minmay_arrival_jagged, layout_rooms, minmay_misc_feat_doors
D:2:      layout_basic, minmay_misc_feat_four_crosses,
          kennysheep_decorative_pillar, minmay_quantized
D:3:      layout_loops_ring, nicolae_overflow_hallway_of_the_gods,
          minmay_misc_feat_diagonals, minmay_gold_behind_fungi,
          chequers_serial_rivers_room_a
D:4:      layout_basic
D:5:      layout_loops_ring, grunt_temple_overflow_order_and_chaos_1,
          minmay_temple_entry_large_hall, serial_shops, nicolae_take_the_stairs,
          minmay_manual_moon
D:6:      layout_loops_corners, nicolae_hepliaklqana_hazy_memory, serial_shops,
          nicolae_shop_waterfront, nicolae_shop_behind_doors,
          nicolae_diamond_shop, nicolae_shop_hallway_stairs, serial_aquarium,
          aquarium_bridge_square [aquarium_subvault_wall,
          aquarium_subvault_wall, aquarium_subvault_bridge,
          aquarium_subvault_wall], aquarium_bridge_straight
          [aquarium_subvault_bridge, aquarium_subvault_window,
          aquarium_subvault_bridge, aquarium_subvault_window],
          aquarium_window_fake, aquarium_window_2, aquarium_view_2b,
          aquarium_view_2g, uniq_sigmund, uniq_pikel
D:7:      layout_cave_pools, mainiacjoe_overflow_two_lobes, uniq_prince_ribbit1
D:8:      layout_loops_corners, general_overflow_altar, minmay_lair_entry_grove,
          uniq_maurice, uniq_joseph, uniq_grum, uniq_psyche
D:9:      minmay_the_grid_octo_tiled_octocenter [minmay_the_grid_octo_odd_swirl,
          minmay_the_grid_octo_horde, minmay_the_grid_octo_fat_diamond,
          minmay_the_grid_octo_teeth, minmay_the_grid_octo_prize_star,
          minmay_the_grid_square_5x5_broken_cross,
          minmay_the_grid_square_5x5_plus, minmay_the_grid_square_5x5_six,
          minmay_the_grid_square_5x5_forky], layout_small_grid,
          lemuel_doored_altar, grunt_decor_one_mirror
D:10:     layout_roguey, zombieorc1_lemuel, hangedman_fish_farm
D:11:     layout_basic, serial_shops, statue_bzr, kennysheep_little_box,
          nicolae_shop_hallway_plus, serial_undead, serial_undead_c,
          serial_undead_d, serial_undead_b, serial_undead_a, special_room
          [special_room_orc], uniq_erica, uniq_erolcha, uniq_harold, uniq_fannar
D:12:     minmay_complete_graph, layout_rooms, lightli_wizard_tower
D:13:     minmay_two_paths, layout_rooms, serial_shops, shop,
          serial_corexii_hall, chequers_hall_statues_y, chequers_hall_statues_y
D:14:     layout_roguey, david_vaults_2, minmay_misc_feat_columns,
          nzn_ghost_randoct, serial_shops, nicolae_shop_waterfront,
          nicolae_qazlal_style_of_elements, uniq_rupert
D:15:     grunt_enter_depths_hoard, layout_gridville, kiku_gazebo_pond_becter,
          minmay_guarded_unrand_prune, uniq_roxanne
Lair:1:   minmay_guarded_unrand_snakebite, layout_cave_pods,
          nicolae_lair_grazing_beasts [nicolae_sub_lair_graze_edge,
          nicolae_sub_lair_graze_edge, nicolae_sub_lair_graze_edge,
          nicolae_sub_lair_graze_edge]
Lair:2:   layout_chaotic_city, nicolae_spider_entry_tight_spaces,
          grunt_megastairs_5, lemuel_fruit_fields, serial_bayou_shore_b,
          lemuel_fruit_tree
Lair:3:   layout_loops_ring, shoals_dummy_entry, basic_altar,
          portal_ice_cave_entry_imps, uniq_urug, uniq_nergalle
Lair:4:   layout_small_grid, dreamdust_deal_with_the_devil, st_stairs_13,
          infiniplex_staircase_pool
Lair:5:   layout_loops_ring, infiniplex_staircase_pool_2, lemuel_fruit_fields
Lair:6:   minmay_lair_end_frog_pond, layout_regular_city, slime_altar_1
Spider:1: layout_spider_delve
Orc:1:    layout_diamond_mine, basic_altar
Orc:2:    st_orc_pillars, layout_caves, serial_shops,
          nicolae_shop_overgrown_old_shop, roderic_batcave

Skill      XL: |  1  2  3  4  5  6  7  8  9 10 11 12 13 14 15 16 17 |
---------------+----------------------------------------------------+-----
Fighting       | 3 4 5 6 7 8 10 12 14 15 16 | 16.0
Polearms       | 3 4 5 7 8 10 12 13 14 | 14.2
Armour         | 2 3 5 7 8 9 10 11 12 14 | 14.0
Shields        | 3 4 6 |  6.0
Evocations     | 4 6 8 10 | 10.0
Dodging        | 6 |  6.1

Action                   |  1- 3 |  4- 6 |  7- 9 | 10-12 | 13-15 | 16-18 || total
-------------------------+-------+-------+-------+-------+-------+-------++-------
Melee: Spear             |   117 |    43 |       |       |       |       ||   160
       Bite              |    10 |    13 |    28 |   166 |   223 |    59 ||   499
       Punch             |     1 |       |       |       |       |       ||     1
       Trident           |       |   140 |   298 |   960 |       |       ||  1398
       Demon trident     |       |       |       |   112 |  1704 |   403 ||  2219
Invok: Berserk           |     3 |     5 |     9 |    26 |    23 |     3 ||    69
       Trog's Hand       |       |       |     2 |     7 |    10 |     3 ||    22
       Brothers in Arms  |       |       |       |       |     4 |     3 ||     7
Evoke: Wand              |       |       |       |    13 |     1 |       ||    14
  Use: Scroll            |     1 |     3 |     3 |    10 |    17 |     6 ||    40
       Potion            |       |       |       |     4 |     2 |     1 ||     7
 Stab: Petrified         |       |       |       |     3 |       |       ||     3
       Distracted        |       |       |       |       |     3 |     3 ||     6
Armor: Animal skin       |    10 |       |       |       |       |       ||    10
       Chain mail        |     9 |   108 |   124 |   515 |   530 |   150 ||  1436
Dodge: Dodged            |    43 |    49 |    38 |   218 |   386 |    47 ||   781
Block: Kite shield       |    15 |    73 |   112 |   415 |   537 |   308 ||  1460

Table legend: (Time is in decaauts)
 A = Elapsed time spent in this place.
 B = Non-inter-level travel time spent in this place.
 C = Inter-level travel time spent in this place.
 D = Time resting spent in this place.
 E = Time spent auto-exploring this place.
 F = Levels seen in this place.
 G = Mean time per level.
                   A        B        C        D        E       F      G
               +--------+--------+--------+--------+--------+-----+--------+
         Total |  28026 |  26758 |   1268 |   4847 |  15440 |  25 | 1121.0 |
       Dungeon |  15444 |  14677 |    767 |   1750 |   9329 |  15 | 1029.6 |
          Lair |   9471 |   9083 |    388 |   2215 |   4856 |   6 | 1578.5 |
   Spider Nest |     11 |     11 |      0 |      0 |      0 |   1 |   11.0 |
  Orcish Mines |   2383 |   2272 |    111 |    493 |   1115 |   2 | 1191.5 |
      Ice Cave |    715 |    715 |      0 |    389 |    139 |   1 |  715.0 |
               +--------+--------+--------+--------+--------+-----+--------+

Top non-repeatable levels by time:
  Lair:1: 2651 daAuts
     D:8: 1870 daAuts
  Lair:6: 1832 daAuts
   Orc:2: 1681 daAuts
     D:9: 1558 daAuts
     D:6: 1472 daAuts
  Lair:2: 1441 daAuts
     D:4: 1338 daAuts
  Lair:4: 1334 daAuts
  Lair:3: 1228 daAuts
    D:15: 1100 daAuts
  Lair:5: 982 daAuts
    D:10: 960 daAuts
    D:11: 940 daAuts
    D:12: 936 daAuts
